 Dungeon Crawl Stone Soup version 0.30-a0-802-gb92711bcdf (webtiles) character file.

Game seed: 17302640810468471932

2730 Dittersdorf the Covered (level 9, -7/59 HPs)
             Began as a Gargoyle Fighter on Feb 23, 2023.
             Mangled by an orc
             ... wielding a +0 halberd
              (8 damage)
             ... in a bailey.
             The game lasted 00:09:38 (6551 turns).

Dittersdorf the Covered (Gargoyle Fighter)          Turns: 6551, Time: 00:09:39

Health: -7/59      AC: 21    Str: 31    XL:     9   Next: 67%
Magic:  9/9        EV:  7    Int:  8    God:
Gold:   293        SH:  5    Dex:  9    Spells: 8/8 levels left

rFire   . . .      SeeInvis .    a - +0 flail (venom)
rCold   . . .      Faith    .    c - +0 buckler
rNeg    + . .      Spirit   .    e - +0 plate armour
rPois   ∞          Reflect  .    (no helmet)
rElec   +          Harm     .    B - scarf {repulsion}
rCorr   .          Rampage  .    (no gloves)
Will    .....                    u - +0 pair of boots Stlth
                                 (no amulet)
HPRegen 0.29/turn                q - +6 ring of strength
MPRegen 0.11/turn                (no ring)

@: repel missiles
A: sickness immunity, AC +6, negative energy resistance 1, electricity
resistance, torment resistance 1, petrification resistance
a: no special abilities


You were in a bailey.
You visited 2 branches of the dungeon, and saw 8 of its levels.
You also visited: Bailey.

You collected 293 gold pieces.

Inventory:

Hand Weapons
 a - a +0 flail of venom (weapon)
Missiles
 d - a curare-tipped dart (quivered)
Armour
 c - a +0 buckler (worn)
 e - a +0 plate armour (worn)
 u - a +0 pair of boots (worn)
 B - a scarf of repulsion (worn)
Jewellery
 o - a ring of fire
 q - a +6 ring of strength (left hand)
Wands
 y - a wand of roots (10)
 z - a wand of flame (9)
Scrolls
 k - a scroll of fear {unknown}
 l - 2 scrolls of noise {unknown}
 m - 4 scrolls of teleportation {unknown}
 n - 3 scrolls of fog {unknown}
 r - 3 scrolls of poison {unknown}
 s - 3 scrolls of enchant weapon {unknown}
 A - a scroll of enchant armour {unknown}
 C - a scroll of immolation {unknown}
Potions
 b - a potion of invisibility
 f - a potion of resistance
 g - a potion of magic {unknown}
 h - a potion of experience
 i - 2 potions of heal wounds
 j - a potion of ambrosia
 p - 2 potions of flight
 t - 5 potions of brilliance
 v - 4 potions of haste
 w - a potion of curing
 x - a potion of berserk rage


   Skills:
 + Level 7.8 Fighting
 + Level 6.7 Maces & Flails
 + Level 7.8 Armour
 + Level 7.8 Shields


You had 8 spell levels left.
You didn't know any spells.
Your spell library contained the following spells:

 Spells                   Type           Power      Damage    Failure   Level
 Gell's Gravitas          Tloc           0%         N/A       100%        3
 Teleport Other           Tloc           0%         N/A       100%        3
 Dispersal                Tloc           0%         N/A       100%        6


Dungeon Overview and Level Annotations

Branches:
Dungeon (7/15)             Temple (1/1) D:5          Bailey (1/1)

Altars:
Ashenzari
Cheibriados
Dithmenos
Elyvilon
Fedhas
Gozag
Hepliaklqana
Kikubaaqudgha
Makhleb
Nemelex Xobeh
Qazlal
Ru
Sif Muna
Trog
Uskayaw
Vehumet
Wu Jian
Xom
Yredelemnul
Zin
The Shining One

Shops:
D:3 (

Annotations:
D:2 1 runed translucent door, Crazy Yiuf
D:5 1 runed translucent door, tarna41's ghost, amateur FoHu


Innate Abilities, Weirdness & Mutations

You are immune to sickness and miasma.
Your stone body is resilient. (AC +6)
You are immune to poison.
You resist negative energy. (rN+)
You are resistant to electric shocks. (rElec)
You are resistant to unholy torment.
You are immune to petrification.


Message History

You close the door.
An orc knight breaks down the door.
It's broken and can't be closed.
The orc knight hits you but does no damage.
There is a broken door here.
You sock the orc knight!
The orc knight looks as sick as possible!
The orc knight is severely wounded.
The orc hits you from afar with a +0 halberd.
You block the orc knight's attack.
You closely miss the orc knight.
The orc knight is severely wounded.
The orc hits you but does no damage.
The orc knight hits you with a +0 halberd!
* * * LOW HITPOINT WARNING * * *
You barely miss the orc knight.
The orc knight is severely wounded.
The orc hits you but does no damage.
The orc knight hits you but does no damage.
You closely miss the orc knight.
The orc knight is severely wounded.
The orc hits you but does no damage.
The orc knight hits you with a +0 halberd.
* * * LOW HITPOINT WARNING * * *
You sock the orc knight!
The orc knight looks as sick as possible!
The orc knight is almost dead.
The orc hits you but does no damage.
The orc knight roars a battlecry!
The orc goes into a battle-frenzy!
You bludgeon the orc knight!!
You kill the orc knight!
You block the orc's attack. The orc barely misses you.
Items here: ! )) ÷.
You closely miss the orc. The orc hits you with a +0 halberd!
* * * LOW HITPOINT WARNING * * *
The orc closely misses you.
You hit the orc but do no damage.
The orc is poisoned.
The orc hits you with a +0 halberd!
You die...

# ##)).###)###.#
##+##'###'##'##'##
.....## ##.....##
.....#####.....###
..∩..'.#)'..⌠..'.#
.....#####.....###
.....## ##.....##
##+##'###'##+##'##
##)#.## ##@# #####
#o# #g#.# ##)# ##'
+# #'##+##)## !..
#....)## .!.o
###.....# !.o.
#.'..⌠..+ !.!.
###.....# ..#
##.....#


You could see an orc (strong, very poisoned).

Vanquished Creatures
  An orc knight (Bailey)
  Sigmund (D:3)
  Menkaure (D:5)
  2 water moccasins
  2 black bears (D:6)
  An ogre (D:6)
  A phantom (D:5)
  A kobold brigand (D:7)
  Blork the orc (D:5)
  A bullfrog (D:7)
  2 scorpions
  2 necrophages (D:5)
  4 wights (D:6)
  2 howler monkeys (D:5)
  6 hounds
  An orc priest (D:5)
  2 jellies (D:4)
  Jessica (D:2)
  An iguana (D:5)
  2 orc wizards
  14 gnolls
  9 adders
  2 white imps
  An ufetubus (D:4)
  4 worms
  4 dart slugs
  17 orcs
  3 ball pythons
  4 bats
  7 endoplasms
  2 giant cockroaches
  5 goblins
  14 hobgoblins
  3 quokkas
  2 frilled lizards (D:1)
  8 kobolds
  2 rats
136 creatures vanquished.

Vanquished Creatures (others)
  2 bats (D:2)
2 creatures vanquished.

Grand Total: 138 creatures vanquished

Notes
Turn   | Place    | Note
-------+----------+-------------------------------------------
     0 | D:1      | Dittersdorf the Gargoyle Fighter began the quest for the
                  | Orb.
     0 | D:1      | Reached XP level 1. HP: 14/14 MP: 1/1
   219 | D:1      | Reached XP level 2. HP: 19/19 MP: 2/2
   969 | D:2      | Reached XP level 3. HP: 23/23 MP: 3/3
  1173 | D:2      | Noticed Jessica
  1178 | D:2      | Killed Jessica
  1179 | D:2      | Reached XP level 4. HP: 29/29 MP: 4/4
  1235 | D:2      | Found a runed translucent door.
  1236 | D:2      | Noticed Crazy Yiuf
  1806 | D:2      | HP: 1/29 [something (9)]
  2132 | D:3      | Found Rupnuydu's Antique Weapon Shop.
  2329 | D:3      | Reached XP level 5. HP: 30/33 MP: 5/5
  2388 | D:3      | Found a white marble altar of Elyvilon.
  2551 | D:3      | Noticed Sigmund
  2560 | D:3      | Killed Sigmund
  2561 | D:3      | Reached XP level 6. HP: 23/39 MP: 6/6
  2642 | D:3      | Found a sparkling altar of Nemelex Xobeh.
  2890 | D:4      | Noticed a water moccasin
  2924 | D:3      | Killed a water moccasin
  2925 | D:3      | Reached skill level 5 in Shields
  3114 | D:4      | Reached skill level 5 in Fighting
  3114 | D:4      | Reached skill level 5 in Armour
  3114 | D:4      | Reached XP level 7. HP: 20/44 MP: 7/7
  3877 | D:5      | Entered Level 5 of the Dungeon
  3877 | D:5      | Noticed tarna41's ghost (amateur FoHu)
  3877 | D:5      | Found a runed translucent door.
  4132 | D:5      | Found a staircase to the Ecumenical Temple.
  4142 | Temple   | Entered the Ecumenical Temple
  4218 | D:5      | Noticed Blork the orc
  4229 | D:5      | Killed Blork the orc
  4530 | D:5      | Reached XP level 8. HP: 48/51 MP: 8/8
  4552 | D:5      | Noticed Menkaure
  4563 | D:5      | Killed Menkaure
  4564 | D:5      | Reached skill level 5 in Maces & Flails
  4964 | D:6      | Found a broken altar of Ashenzari.
  4968 | D:6      | Found a stormy altar of Qazlal.
  4984 | D:6      | Found a bloodstained altar of Trog.
  4984 | D:6      | Found a blossoming altar of Fedhas.
  4990 | D:6      | Found a sacrificial altar of Ru.
  5483 | D:6      | Reached XP level 9. HP: 56/56 MP: 9/9
  5486 | D:6      | Identified the +0 ring mail "Ucwuja" {rF- Dex+5 Slay+2}
  6164 | D:7      | Found a flagged portal.
  6202 | Bailey   | Entered a bailey
  6497 | Bailey   | Noticed an orc knight
  6548 | Bailey   | Killed an orc knight
  6550 | Bailey   | HP: 1/59 [orc/+0 halberd (7)]
  6551 | Bailey   | Mangled by an orc

Illustrated notes

Levels and vault maps discovered:
D:1:      psy_arrival_radial01, layout_basic, hangedman_decor_slide_cut
D:2:      layout_loops_ring, lemuel_flame_loot_1, uniq_crazy_yiuf_cottage,
          uniq_jessica
D:3:      layout_basic, mainiacjoe_overflow_catwalk, elyvilon_altar_3,
          serial_shops, nicolae_shop_hallway_stairs, uniq_sigmund
D:4:      layout_rooms
D:5:      layout_loops_ring, minmay_temple_entry_statues_fountains,
          hellmonk_ghost_happy_afterlife, uniq_blork_the_orc, uniq_menkaure
D:6:      layout_gridville, nicolae_overflow_hallway_of_the_gods
D:7:      layout_basic, enter_bailey_6, ebering_ghost_disaster_area
Temple:   nicolae_temple_ecumenical_triangle
Bailey:   bailey_polearm_nasty_gnolls, bailey

Skill      XL: |  1  2  3  4  5  6  7  8  9 |
---------------+----------------------------+-----
Armour         | 4 5 6 7 |  7.8
Shields        | 4 5 6 7 |  7.8
Fighting       | 4 5 6 7 |  7.8
Maces & Flails | 3 4 5 6 |  6.7

Action                     |  1- 3 |  4- 6 |  7- 9 || total
---------------------------+-------+-------+-------++-------
  Melee: Flail             |    92 |   107 |   370 ||   569
    Use: Potion            |       |     1 |       ||     1
         Scroll            |       |       |    13 ||    13
 Armour: Scale mail        |    48 |    85 |   149 ||   282
         Plate armour      |       |       |   124 ||   124
  Dodge: Dodged            |    38 |    62 |   154 ||   254
  Block: Buckler           |    15 |    27 |    95 ||   137

Table legend: (Time is in decaauts)
 A = Elapsed time spent in this place.
 B = Non-inter-level travel time spent in this place.
 C = Inter-level travel time spent in this place.
 D = Time resting spent in this place.
 E = Time spent auto-exploring this place.
 F = Levels seen in this place.
 G = Mean time per level.
                   A        B        C        D        E       F      G
               +--------+--------+--------+--------+--------+-----+--------+
         Total |   6675 |   6383 |    292 |   1099 |   3844 |   9 |  741.7 |
       Dungeon |   6276 |   5984 |    292 |    999 |   3681 |   7 |  896.6 |
        Temple |     43 |     43 |      0 |      0 |     30 |   1 |   43.0 |
        Bailey |    354 |    354 |      0 |    100 |    133 |   1 |  354.0 |
               +--------+--------+--------+--------+--------+-----+--------+

Top non-repeatable levels by time:
     D:2: 1238 daAuts
     D:6: 1228 daAuts
     D:5: 1016 daAuts
     D:1: 949 daAuts
     D:3: 897 daAuts
     D:4: 864 daAuts
  Bailey: 354 daAuts
     D:7: 81 daAuts
  Temple: 43 daAuts
